 Dungeon Crawl Stone Soup version 0.29-a0-359-g541a27f54d (webtiles) character file.

Game seed: 11524338137656378633

5623 NinjaNoafa the Quickloader (level 11, 0/96 HPs)
             Began as a Kobold Arcane Marksman on Apr 27, 2022.
             Was a Follower of Ashenzari.
             Slain by a wight
             ... wielding a +3 hand axe
              (6 damage)
             ... on level 9 of the Dungeon.
             The game lasted 00:34:25 (14122 turns).

NinjaNoafa the Quickloader (KoAM)                  Turns: 14122, Time: 00:34:26

Health: 0/96       AC: 25    Str: 10 (11) XL:     11   Next: 3%
Magic:  14/19      EV:  3    Int: 12 (14) God:    Ashenzari [*.....]
Gold:   283        SH:  5    Dex: 21 (23) Spells: 14/21 levels left

rFire   . . .      SeeInvis .   k - +3 dagger (freeze)
rCold   . . .      Faith    .   (no shield)
rNeg    . . .      Spirit   .   (body armour currently unavailable)
rPois   +          Reflect  +   (helmet currently unavailable)
rElec   .          Harm     .   (cloak currently unavailable)
rCorr   +          Rampage  .   (gloves currently unavailable)
Will    .....      NoTele   +   (boots currently unavailable)
Stlth   +++++.....              o - amulet of the Cosmic Secrets {Reflect Dex+2 SH+5, Melee, Cun} (curse)
HPRegen 0.26/turn               t - ring of flight
MPRegen 0.16/turn               y - ring of resist corrosion

@: mighty, lethally poisoned (0 -> -2), tree-form
A: stationary, stasis, torment immunity, boosted hp, small, no large weapons,
nightstalker 3, (claws 1), (horns 1), (iridescent scales 1), agile 1, strong 1
a: Renounce Religion, Shatter the Chains


You were on level 9 of the Dungeon.
You worshipped Ashenzari.
Ashenzari was aware of your devotion.
You were a tree.
You visited 2 branches of the dungeon, and saw 10 of its levels.

You collected 426 gold pieces.
You spent 143 gold pieces at shops.

Inventory:

Hand Weapons
 a - the +6 arbalest "Damnation" {damnation}
   (You acquired it on level 7 of the Dungeon)

   Any ammunition fired from it explodes in a burst of damnation on striking a
   foe, dealing damage which bypasses armour.
 d - a +1 hand crossbow of freezing
 k - a +3 dagger of freezing (weapon)
Missiles
 v - 11 poisoned darts
 w - 6 curare-tipped darts
 D - 235 stones
Armour
 b - a +1 pair of gloves (melded)
 l - a +0 pair of boots (melded)
 C - the cursed +1 leather armour "Affliction of Ashenzari" (melded) {rF- Str+2 Int+5 Stlth+, Melee, Cun}
   (You found it on level 5 of the Dungeon)

   Str:       It affects your strength (+2).
   Int:       It affects your intelligence (+5).
   rF:        It makes you vulnerable to fire.
   Stlth:     It makes you more stealthy.
   It has a curse which improves the following skills: Melee Combat: Short
   Blades, Long Blades, Axes, Maces & Flails, Polearms, Staves and Unarmed
   Combat.
   Cunning:   Dodging and Stealth.
 E - a +2 cloak of preservation (melded)
Jewellery
 o - the cursed amulet of the Cosmic Secrets (around neck) {Reflect Dex+2 SH+5, Melee, Cun}
   (You found it on level 7 of the Dungeon)

   [amulet of reflection]

   It reflects blocked missile attacks.
   Dex:       It affects your dexterity (+2).
   SH:        It affects your SH (+5).
   It has a curse which improves the following skills: Melee Combat: Short
   Blades, Long Blades, Axes, Maces & Flails, Polearms, Staves and Unarmed
   Combat.
   Cunning:   Dodging and Stealth.
 t - a ring of flight (left branch)
 y - a ring of resist corrosion (right branch)
Wands
 e - a wand of digging (2)
 j - a wand of mindburst (5)
 m - a wand of acid (5)
 u - a wand of paralysis (6)
 x - a wand of flame (49)
Scrolls
 c - 2 scrolls of vulnerability
 h - a scroll of torment
 i - a scroll of magic mapping
 n - 4 scrolls of amnesia
 s - a scroll of fog
Potions
 f - 2 potions of flight
 p - a potion of berserk rage
 q - 2 potions of cancellation
 z - a potion of mutation
 A - a potion of attraction
 F - a potion of magic


   Skills:
 + Level 6.2 Fighting
 - Level 4.5(5.3) Short Blades
 + Level 8.4 Crossbows
 - Level 2.0 Armour
 + Level 8.2(9.1) Dodging
 - Level 6.5(7.4) Stealth
 - Level 5.6 Spellcasting
 - Level 4.8 Conjurations
 - Level 6.3 Hexes
 - Level 5.1 Translocations
 + Level 5.4 Evocations


You had 14 spell levels left.
You knew the following spells:

 Your Spells              Type           Power      Damage    Failure   Level
a - Slow                  Hex            72%        N/A       1%          1
b - Dazzling Flash        Conj/Hex       32%        N/A       6%          3
c - Portal Projectile     Hex/Tloc       34%        N/A       5%          3

Your spell library contained the following spells:

 Spells                   Type           Power      Damage    Failure   Level
 Static Discharge         Conj/Air       9%         N/A       11%         2
 Cause Fear               Hex            9%         N/A       14%         4
 Inner Flame              Hex/Fire       11%        N/A       16%         3
 Sandblast                Erth           6%         2d5       19%         1
 Stone Arrow              Conj/Erth      18%        3d8       22%         3
 Iskenderun's Mystic Bla  Conj/Tloc      15%        2d5       24%         4
 Passwall                 Tmut/Erth      2%         N/A       28%         2
 Frozen Ramparts          Ice            6%         1d2       50%         3
 Sticky Flame             Conj/Fire      9%         2d3       56%         4
 Dispel Undead            Necr           3%         3d7       88%         4
 Ice Form                 Ice/Tmut       3%         N/A       88%         4
 Summon Ice Beast         Ice/Summ       3%         N/A       88%         4
 Starburst                Conj/Fire      4%         6d4       100%        6
 Borgnjor's Revivificati  Necr           1%         N/A       100%        8
 Necromutation            Tmut/Necr      1%         N/A       100%        8
 Death's Door             Necr           1%         N/A       100%        9


Dungeon Overview and Level Annotations

Branches:
Dungeon (9/15)             Temple (1/1) D:6
   Lair: D:8-11         Orc: D:9-12

Altars:
Ashenzari
Cheibriados
Dithmenos
Elyvilon
Fedhas
Gozag
Hepliaklqana
Kikubaaqudgha
Makhleb
Nemelex Xobeh
Okawaru
Qazlal
Ru
Sif Muna
Trog
Uskayaw
Vehumet
Wu Jian
Xom
Yredelemnul
Zin
The Shining One
Beogh

Shops:
D:4 *

Portals:
Abyss: D:5

Annotations:
D:5 2 runed translucent doors
D:7 Menkaure
D:9 1 runed translucent door


Innate Abilities, Weirdness & Mutations

You are a tree.
Your roots penetrate the ground, keeping you stationary.
You cannot be teleported.
You are immune to unholy pain and torment.
Your maximum health is greatly increased.
Your equipment is partially melded.
You are small and have problems with some larger weapons.
You are completely attuned to the shadows.
((You have sharp fingernails.))
((You have a pair of small horns on your head.))
((You are partially covered in iridescent scales. (AC +2)))
You are agile. (Dex +2)
Your muscles are strong. (Str +2)


Message History

Okay, then.
Okay, then.
You feel yourself speed up.
You feel sick. The hornet attacks as you move away!
The hornet closely misses you.
You feel sick.
You are no longer poisoned.
The hornet attacks as you move away! The hornet stings you.
* * * LOW HITPOINT WARNING * * *
You are poisoned.
You feel yourself slow down.
You feel very sick.
You feel very sick. The hornet misses you.
Really quaff the potion of lignification?
You turn into a tree.
Your +2 cloak of preservation melds into your body.
Your +1 pair of gloves melds into your body.
Your +0 pair of boots melds into your body.
The cursed +1 leather armour "Affliction of Ashenzari" {rF- Str+2 Int+5 Stlth+, Melee, Cun} melds into your body.
Your roots penetrate the ground.
You feel yourself speed up.
You feel very sick.
The hornet stings you but does no damage.
The wight hits you but does no damage.
You feel very mighty all of a sudden.
You feel sick. The hornet stings you.
* * * LOW HITPOINT WARNING * * *
You block the wight's attack.
Your +3 dagger of freezing glows with a cold blue light!
k - a +3 dagger of freezing (weapon)
You block the hornet's attack. The wight hits you but does no damage.
You closely miss the hornet.
The hornet is heavily wounded.
You feel sick.
You puncture the hornet! You freeze the hornet.
The hornet is almost dead.
You feel sick. The hornet barely misses you.
The wight hits you with a +3 hand axe.
You die...

#..# #..# #..#
#..# #..#
####..#######
............#
............#
###♣.#######
#yz# #..#
.#####..#######
..............#
..............#
.....##########
.....# .....#


You could see a hornet (slow) and a wight.

Vanquished Creatures
  A two-headed ogre (D:8)
  The ghost of mdonais the Cutter, a novice KoCK of Xom (D:5)
  Maurice (D:8)
  Maggie (D:7)
  Grinder (D:3)
  5 yaks (D:9)
  A wyvern (D:8)
  A steam dragon (D:4)
  2 water moccasins
  2 ice beasts
  3 black bears
  3 orc warriors
  An ogre (D:5)
  A centaur (D:6)
  A kobold brigand (D:8)
  2 necrophages
  8 wights (D:6)
  6 killer bees (D:9)
  Crazy Yiuf (D:3)
  3 hounds (D:6)
  3 orc priests
  6 iguanas
  4 orc wizards
  Robin (D:3)
  13 adders
  11 gnolls
  A shadow imp (D:6)
  An ufetubus (D:4)
  3 worms
  7 dart slugs
  23 orcs
  5 bats
  9 endoplasms
  5 giant cockroaches
  18 goblins
  6 hobgoblins
  8 jackals
  4 quokkas
  9 ball pythons
  A frilled lizard (D:2)
  12 kobolds
  5 rats
200 creatures vanquished.

Vanquished Creatures (others)
  A fungus (D:3)
  A plant (D:4)
2 creatures vanquished.

Grand Total: 202 creatures vanquished

Notes
Turn   | Place    | Note
-------+----------+-------------------------------------------
     0 | D:1      | NinjaNoafa the Kobold Arcane Marksman began the quest for
                  | the Orb.
     0 | D:1      | Reached XP level 1. HP: 12/12 MP: 2/2
   252 | D:1      | Reached XP level 2. HP: 16/16 MP: 1/3
   714 | D:1      | Reached XP level 3. HP: 20/20 MP: 5/5
  1506 | D:2      | Reached XP level 4. HP: 26/26 MP: 4/6
  2188 | D:2      | Found a faded altar of an unknown god.
  2336 | D:3      | Reached skill level 1 in Translocations
  2397 | D:3      | Reached XP level 5. HP: 23/30 MP: 8/8
  2705 | D:3      | Noticed Robin
  2714 | D:3      | Reached skill level 5 in Spellcasting
  2714 | D:3      | Reached XP level 6. HP: 32/38 MP: 8/13
  2716 | D:3      | Gained mutation: You are dopey. (Int -2) [potion of
                  | mutation]
  2716 | D:3      | Gained mutation: You sometimes lose the ability to read
                  | scrolls when taking damage. [potion of mutation]
  2716 | D:3      | Gained mutation: A frigid envelope surrounds you and
                  | freezes all who hurt you. [potion of mutation]
  2719 | D:3      | Killed Robin
  3038 | D:3      | Noticed Grinder
  3058 | D:3      | Paralysed by Grinder for 7 turns
  3065 | D:3      | Killed Grinder
  3066 | D:3      | Reached XP level 7. HP: 43/43 MP: 13/15
  3178 | D:3      | Found a runed translucent door.
  3181 | D:3      | Noticed Crazy Yiuf
  4074 | D:3      | Killed Crazy Yiuf
  4338 | D:4      | Learned a level 3 spell: Dazzling Flash
  4342 | D:4      | Learned a level 3 spell: Portal Projectile
  4400 | D:4      | Found Jext's Gadget Gallery.
  4522 | D:4      | Found a glowing golden altar of the Shining One.
  4540 | D:4      | Reached skill level 5 in Translocations
  5177 | D:4      | Noticed a steam dragon
  5180 | D:4      | Killed a steam dragon
  5181 | D:4      | Reached skill level 1 in Stealth
  5181 | D:4      | Reached XP level 8. HP: 48/48 MP: 16/16
  5435 | D:5      | Entered Level 5 of the Dungeon
  5477 | D:4      | Bought a wand of flame (24) for 143 gold pieces
  5557 | D:5      | Reached skill level 1 in Evocations
  5950 | D:5      | Lost mutation: You are dopey. (Int -2) [potion of mutation]
  5950 | D:5      | Lost mutation: A frigid envelope surrounds you and freezes
                  | all who hurt you. [potion of mutation]
  5950 | D:5      | Lost mutation: You sometimes lose the ability to read
                  | scrolls when taking damage. [potion of mutation]
  5950 | D:5      | Gained mutation: You have hidden genetic potential. [potion
                  | of mutation]
  5950 | D:5      | Gained mutation: You are partially covered in iridescent
                  | scales. (AC +2) [potion of mutation]
  5950 | D:5      | Gained mutation: You have sharp fingernails. [potion of
                  | mutation]
  5950 | D:5      | Gained mutation: You have a pair of small horns on your
                  | head. [potion of mutation]
  6095 | D:5      | Found a one-way gate to the infinite horrors of the Abyss.
  6095 | D:5      | Identified the +1 dagger of Butchery {distort, rPois Str+9
                  | Int-4 Stlth-}
  6520 | D:5      | Found a runed translucent gate.
  6520 | D:5      | Found a runed translucent gate.
  6521 | D:5      | Found a runed translucent gate.
  6524 | D:5      | Identified the +6 chain mail of Honour {rElec rC- Str+8
                  | SInv}
  6525 | D:5      | Noticed mdonais's ghost (novice KoCK)
  6658 | D:5      | Found a large runed translucent door.
  6658 | D:5      | Found a large runed translucent door.
  6792 | D:5      | Identified the +1 leather armour of the Midnight Sun {rF-
                  | Str+2 Int+5 Stlth+}
  7222 | D:6      | Reached XP level 9. HP: 52/52 MP: 7/17
  7351 | D:6      | Found a staircase to the Ecumenical Temple.
  7358 | Temple   | Entered the Ecumenical Temple
  8118 | Temple   | Became a worshipper of Ashenzari the Shackled
  8298 | D:6      | Reached skill level 1 in Armour
  8317 | D:6      | Gained mutation: Your muscles are strong. (Str +2) [hidden
                  | potential]
  9408 | D:6      | Reached skill level 1 in Short Blades
  9890 | D:7      | Noticed Maggie
  9920 | D:7      | Killed Maggie
  9921 | D:7      | Reached skill level 5 in Fighting
 10242 | D:7      | Identified the amulet "Biarghet" {Reflect Dex+2 SH+5}
 10473 | D:7      | Reached skill level 5 in Stealth
 10473 | D:7      | Reached XP level 10. HP: 59/59 MP: 18/18
 10841 | D:7      | Noticed Menkaure
 10842 | D:7      | Identified a scroll of acquirement
 10842 | D:7      | Acquired the +6 arbalest "Damnation" {damnation}
 10842 | D:7      | Found the +6 arbalest "Damnation" {damnation}
 11498 | D:5      | Killed mdonais's ghost
 11507 | D:5      | Gained mutation: You are agile. (Dex +2) [hidden potential]
 11507 | D:5      | Lost mutation: You have hidden genetic potential. [hidden
                  | potential expressed]
 11691 | D:5      | Identified the -5 cloak of Gluttony {Harm rC+}
 12436 | D:8      | Noticed a two-headed ogre
 12452 | D:8      | Killed a two-headed ogre
 12453 | D:8      | Reached skill level 5 in Evocations
 12662 | D:8      | Noticed Maurice
 12671 | D:8      | Killed Maurice
 13661 | D:9      | Found a runed translucent door.
 13812 | D:9      | Reached XP level 11. HP: 29/64 MP: 12/19
 14106 | D:9      | Paralysed by a hornet for 3 turns
 14110 | D:9      | Reached * piety under Ashenzari
 14122 | D:9      | Slain by a wight

Illustrated notes

Levels and vault maps discovered:
D:1:      noname_arrival_rooms_in_the_neighbourhood, layout_basic
D:2:      layout_basic, dilly_ecumenical_altar_fadedgnrine, hex_intersection,
          lemuel_another_geyser
D:3:      layout_rooms, uniq_grinder, uniq_crazy_yiuf_cottage, uniq_robin
D:4:      layout_loops_ring, mainiacjoe_overflow_boulevard,
          portal_sewer_entry_d, nicolae_shop_gadgets
D:5:      due_chaos_kobolds, layout_gridville, biasface_ghost_orc_armoury
D:6:      layout_loops_ring, minmay_temple_entry_grid,
          chequers_serial_rivers_micro_a, amethyst_killhole
D:7:      layout_gridville, uniq_menkaure, uniq_maggie
D:8:      layout_loops_cross, grunt_decor_cap, uniq_maurice
D:9:      layout_small_grid, ebering_ghost_reflecting_pool
Temple:   mainiacjoe_temple_starburst

Skill      XL: |  1  2  3  4  5  6  7  8  9 10 |
---------------+-------------------------------+-----
Crossbows      | 3 7 8 |  8.4
Dodging        | 3 6 7 8 |  8.2
Spellcasting   | 2 5 |  5.6
Fighting       | 2 4 5 6 |  6.2
Translocations | 1 4 5 |  5.1
Conjurations   | 4 |  4.8
Hexes          | 6 |  6.3
Stealth        | 1 2 5 6 |  6.5
Evocations     | 2 4 5 |  5.4
Armour         | 2 |  2.0
Short Blades   | 2 4 |  4.5

Action                   |  1- 3 |  4- 6 |  7- 9 | 10-12 || total
-------------------------+-------+-------+-------+-------++-------
Melee: Dagger            |     1 |     7 |    41 |    65 ||   114
       Headbutt          |       |       |    11 |    13 ||    24
       Punch             |       |       |     1 |       ||     1
 Fire: Hand crossbow     |    96 |   131 |   237 |    19 ||   483
       Arbalest          |       |       |       |    47 ||    47
 Cast: Slow              |     8 |     1 |    19 |    16 ||    44
       Portal Projectile |       |       |    28 |    11 ||    39
       Dazzling Flash    |       |       |     2 |     1 ||     3
Invok: Curse Item        |       |       |     1 |     1 ||     2
Evoke: Wand              |       |       |    20 |     1 ||    21
  Use: Scroll            |       |     8 |     4 |     6 ||    18
       Potion            |       |     9 |     8 |     7 ||    24
 Stab: Sleeping          |     1 |       |       |       ||     1
Armor: Robe              |     8 |    23 |    19 |       ||    50
       Skin              |       |     2 |       |     3 ||     5
       Leather armour    |       |       |    29 |    35 ||    64
Dodge: Dodged            |    41 |    76 |   184 |   138 ||   439
Block: Other             |       |       |       |    35 ||    35

Table legend: (Time is in decaauts)
 A = Elapsed time spent in this place.
 B = Non-inter-level travel time spent in this place.
 C = Inter-level travel time spent in this place.
 D = Time resting spent in this place.
 E = Time spent auto-exploring this place.
 F = Levels seen in this place.
 G = Mean time per level.
                   A        B        C        D        E       F      G
               +--------+--------+--------+--------+--------+-----+--------+
         Total |  14169 |  13295 |    874 |   1275 |   9871 |  10 | 1416.9 |
       Dungeon |  13351 |  12566 |    785 |   1275 |   9173 |   9 | 1483.4 |
        Temple |    817 |    728 |     89 |      0 |    698 |   1 |  817.0 |
               +--------+--------+--------+--------+--------+-----+--------+

Top non-repeatable levels by time:
     D:7: 2182 daAuts
     D:5: 2067 daAuts
     D:3: 1939 daAuts
     D:6: 1750 daAuts
     D:4: 1355 daAuts
     D:1: 1324 daAuts
     D:8: 1209 daAuts
     D:2: 1054 daAuts
  Temple: 817 daAuts
     D:9: 467 daAuts
